 Dungeon Crawl Stone Soup version 0.27.1-33-g824d729ab1 (webtiles) character file.

Game seed: 17805323025201314126

21361 DenSaoPin the Grappler (level 12, -7/118 HPs)
             Began as a Troll Berserker on Nov 26, 2021.
             Was a High Priest of Trog.
             Mangled by a two-headed ogre (14 damage)
             ... on level 13 of the Dungeon.
             The game lasted 00:33:05 (9836 turns).

DenSaoPin the Grappler (Troll Berserker)            Turns: 9836, Time: 00:33:05

Health: -7/118     AC: 10    Str: 28    XL:     12   Next: 53%
Magic:  11/11      EV: 14    Int:  5    God:    Trog [*****.]
Gold:   794        SH:  0    Dex: 17    Spells: 11/11 levels left

rFire    . . .     SeeInvis .   G - +0 lajatang (flame)
rCold    . . .     Faith    .   (shield currently unavailable)
rNeg     . . .     Spirit   .   O - +0 acid dragon scales
rPois    .         Reflect  .   (helmet restricted)
rElec    .         Harm     .   H - +0 cloak
rCorr    +         Rampage  .   (gloves unavailable)
Will     ++...                  (boots unavailable)
Stlth    +.........             (no amulet)
HPRegen  2.29/turn              l - +4 ring of slaying
MPRegen  0.12/turn              n - +6 ring of dexterity

@: strong-willed, on berserk cooldown, regenerating, slowed, studying 2 skills,
very slow
A: large, unfitting armour, claws 3, regeneration 1, shaggy fur 1, tough skin 1
a: Renounce Religion, Berserk, Trog's Hand, Brothers in Arms


You were on level 13 of the Dungeon.
You worshipped Trog.
Trog was extremely pleased with you.
You visited 1 branch of the dungeon, and saw 13 of its levels.
You also visited: Bailey.

You collected 794 gold pieces.

Inventory:

Hand Weapons
 G - a +0 lajatang of flaming (weapon)
 X - the +0 halberd "Bingo" {venom, rElec Will- SInv}
   (You found it on level 13 of the Dungeon)

   It poisons the flesh of those it strikes.
   rElec:     It insulates you from electricity.
   SInv:      It lets you see invisible.
   Will:      It decreases your willpower.
Missiles
 h - 443 stones (quivered)
 D - 6 large rocks
 J - 3 silver javelins
Armour
 a - a +0 animal skin
 f - a +1 pair of gloves
 u - a +0 kite shield
 A - a +0 troll leather armour
 H - a +0 cloak (worn)
 O - +0 acid dragon scales (worn)
 R - a +0 troll leather armour
Jewellery
 l - a +4 ring of slaying (left claw)
 n - a +6 ring of dexterity (right claw)
 q - a ring of fire
 L - a +4 ring of evasion
 N - an amulet of faith
 S - a +6 ring of dexterity
Wands
 o - a wand of acid (20)
 v - a wand of polymorph (12)
 y - a wand of flame (11)
 P - a wand of mindburst (10)
 W - a wand of paralysis (10)
Scrolls
 c - 3 scrolls of fog {unknown}
 e - 5 scrolls of fear {unknown}
 g - 13 scrolls of identify {unknown}
 i - 6 scrolls of amnesia {unknown}
 m - a scroll of noise {unknown}
 t - a scroll of brand weapon {unknown}
 C - 2 scrolls of enchant armour {unknown}
 F - a scroll of blinking {unknown}
 I - a scroll of magic mapping {unknown}
 M - a scroll of holy word {unknown}
 Q - a scroll of enchant weapon {unknown}
 T - a scroll of teleportation {unknown}
Potions
 b - 4 potions of curing {unknown}
 d - 2 potions of flight {unknown}
 j - 2 potions of mutation {unknown}
 k - 3 potions of attraction {unknown}
 p - 2 potions of brilliance {unknown}
 r - 2 potions of invisibility {unknown}
 s - a potion of ambrosia {unknown}
 w - 3 potions of berserk rage {unknown}
 x - a potion of lignification {unknown}
 z - a potion of heal wounds {unknown}
 B - 3 potions of haste {unknown}
 E - 2 potions of degeneration {unknown}
 K - a potion of might {unknown}
 U - a potion of cancellation {unknown}
Miscellaneous
 V - a lightning rod (4/4)


   Skills:
 - Level 7.1 Fighting
 + Level 5.1 Armour
 - Level 9.1 Dodging
 - Level 10.4 Shields
 - Level 11.4 Unarmed Combat
 + Level 4.7 Evocations


You had 11 spell levels left.
You didn't know any spells.
Your spell library was empty.

Dungeon Overview and Level Annotations

Branches:
Dungeon (13/15)            Temple (0/1) D:6            Lair (0/6) D:9
    Orc (0/2) D:12         Bailey (visited)
 Vaults: D:13-14

Altars:
Ashenzari
Dithmenos
Fedhas
Gozag
Makhleb
Qazlal
Trog
Xom
Zin

Shops:
D:2 *   D:12 ?

Portals:
Trove: D:11 (give +6 demon whip)

Annotations:
D:11 1 runed translucent door


Innate Abilities, Weirdness & Mutations

You are too large for most types of armour.
You have claws for hands.
Your natural rate of healing is unusually fast.
You are covered in fur. (AC +1)
You have tough skin. (AC +1)


Message History

The tengu warrior hits you with a +1 vampiric war axe!
The tengu warrior pecks you.
The tengu warrior claws you but does no damage.
The tengu warrior misses you.
The tengu warrior completely misses you.
The tengu warrior closely misses you.
The tengu warrior completely misses you.
The tengu warrior pecks you but does no damage.
The tengu warrior claws you.
* * * LOW HITPOINT WARNING * * *
The tengu warrior closely misses you.
The tengu warrior pecks you but does no damage.
The tengu warrior claws you but does no damage.
The tengu warrior hits you with a +1 vampiric war axe!
The tengu warrior draws strength from your wounds!
The tengu warrior completely misses you.
The tengu warrior claws you but does no damage.
The tengu warrior barely misses you.
The tengu warrior pecks you but does no damage.
The tengu warrior claws you.
The two-headed ogre hits you with a +0 giant club!
* * * LOW HITPOINT WARNING * * *
The two-headed ogre barely misses you.
The tengu warrior hits you but does no damage.
The tengu warrior pecks you but does no damage.
The tengu warrior claws you but does no damage.
The two-headed ogre closely misses you.
The two-headed ogre hits you with a +0 giant club.
The tengu warrior misses you.
The tengu warrior pecks you but does no damage.
The tengu warrior claws you but does no damage.
The two-headed ogre hits you with a +0 giant club!!
* * * LOW HITPOINT WARNING * * *
The two-headed ogre barely misses you. The tengu warrior barely misses you.
The tengu warrior pecks you but does no damage.
The tengu warrior claws you but does no damage.
The two-headed ogre hits you with a +0 giant club!
* * * LOW HITPOINT WARNING * * *
The two-headed ogre hits you with a +0 giant club!
You die...

#.#....##................
#.#...###................
.###..........#.............
.....#...<..................
............................
..........######............
#.###......#######..........
###......Q........#.###.#
#..<.#..@O.## #.....#
........###.#...#######.##...
....>...# #..................
...#...## ##.................
....... .................#...
.....## ...#####..#......#...
..### .... ##.##.(....... ##
### #..####.#.#.. ##..
##.#†#..


You could see a tengu warrior and a two-headed ogre.

Vanquished Creatures
  A slime creature (D:12)
  A hydra (D:13)
  A centaur warrior (D:10)
  2 two-headed ogres (D:12)
  An orc knight (Bailey)
  An ugly thing (D:12)
  A deep elf pyromancer (D:7)
  A cyclops (D:11)
  4 elephants (D:8)
  3 gargoyles (D:12)
  A komodo dragon (D:11)
  10 trolls
  A jumping spider (shapeshifter) (D:13)
  A hornet (D:8)
  2 dream sheep (D:13)
  A vampire (D:12)
  2 wraiths
  2 shadows (D:10)
  34 yaks
  3 acid dragons
  A water moccasin (D:4)
  5 ice beasts
  9 orc warriors
  A sky beast (D:5)
  An ogre (shapeshifter) (D:13)
  3 centaurs
  2 ogres
  2 phantoms (D:5)
  4 kobold brigands
  A scorpion (D:5)
  2 water moccasin zombies (D:5)
  7 killer bees
  An electric eel (D:7)
  5 howler monkeys
  3 bullfrog zombies (D:6)
  A lava snake (D:8)
  A jelly (D:5)
  5 orc priests
  5 centaur zombies
  4 hounds
  3 centaur skeletons (D:7)
  A gnoll shaman (D:4)
  4 iguanas
  16 orc wizards
  A hound zombie (D:3)
  A gnoll (D:3)
  8 adders
  A howler monkey skeleton (D:4)
  3 shadow imps
  3 white imps
  An ufetubus (D:6)
  4 worms
  36 orcs
  8 endoplasms
  8 giant cockroaches
  7 goblins
  6 hobgoblins
  12 jackals
  4 quokkas
  9 ball pythons
  8 bats
  2 frilled lizards (D:1)
  10 kobolds
  3 rats
295 creatures vanquished.

Vanquished Creatures (others)
  9 plants (D:8)
9 creatures vanquished.

Grand Total: 304 creatures vanquished

Notes
Turn   | Place    | Note
-------+----------+-------------------------------------------
     0 | D:1      | DenSaoPin the Troll Berserker began the quest for the Orb.
     0 | D:1      | Reached XP level 1. HP: 22/22 MP: 0/0
    62 | D:1      | Reached XP level 2. HP: 28/29 MP: 1/1
   600 | D:1      | Reached skill level 4 in Unarmed Combat
   921 | D:1      | Reached XP level 3. HP: 36/36 MP: 2/2
  1001 | D:1      | Found a faded altar of an unknown god.
  1085 | D:2      | Reached ** piety under Trog
  1332 | D:2      | Found Xorong's Assorted Antiques.
  1344 | D:2      | Reached XP level 4. HP: 44/44 MP: 3/3
  1451 | D:2      | Reached skill level 5 in Unarmed Combat
  1853 | D:3      | Reached XP level 5. HP: 50/50 MP: 4/4
  1855 | D:3      | Reached skill level 6 in Unarmed Combat
  2470 | D:4      | Noticed a water moccasin
  2473 | D:4      | Identified the -5 helmet of the Poles {rElec Stlth+}
  2484 | D:4      | Killed a water moccasin
  2485 | D:4      | Reached skill level 7 in Unarmed Combat
  2485 | D:4      | Reached XP level 6. HP: 28/59 MP: 5/5
  2544 | D:4      | Reached *** piety under Trog
  2805 | D:4      | Noticed an ice beast
  2814 | D:4      | Killed an ice beast
  2815 | D:4      | Reached skill level 8 in Unarmed Combat
  2815 | D:4      | Reached XP level 7. HP: 41/66 MP: 6/6
  3064 | D:5      | Entered Level 5 of the Dungeon
  3122 | D:5      | Reached skill level 9 in Unarmed Combat
  3128 | D:5      | Found a glowing silver altar of Zin.
  3178 | D:5      | Found a stormy altar of Qazlal.
  3482 | D:5      | Reached XP level 8. HP: 73/74 MP: 7/7
  3689 | D:5      | Reached skill level 1 in Shields
  3806 | D:5      | Reached **** piety under Trog
  4308 | D:7      | Reached XP level 9. HP: 31/80 MP: 8/8
  4418 | D:6      | Found a staircase to the Ecumenical Temple.
  4566 | D:7      | Noticed a troll
  4572 | D:7      | Killed a troll
  4573 | D:7      | Reached skill level 10 in Shields
  4976 | D:7      | Noticed a deep elf pyromancer
  4984 | D:7      | Killed a deep elf pyromancer
  4985 | D:7      | Reached skill level 10 in Unarmed Combat
  5493 | D:8      | Noticed an elephant
  5500 | D:8      | Killed an elephant
  5501 | D:8      | Reached XP level 10. HP: 86/88 MP: 9/9
  5523 | D:8      | Noticed an elephant
  5532 | D:8      | Killed an elephant
  5533 | D:8      | Reached skill level 5 in Dodging
  5631 | D:8      | Reached skill level 11 in Unarmed Combat
  5696 | D:8      | Reached ***** piety under Trog
  5719 | D:8      | Noticed an elephant
  5728 | D:8      | Killed an elephant
  5729 | D:8      | Noticed an elephant
  5740 | D:8      | Killed an elephant
  5794 | D:8      | Found a burning altar of Makhleb.
  5794 | D:8      | Noticed a green death
  5799 | D:8      | Noticed an orange demon
  5865 | D:8      | Found an opulent altar of Gozag.
  6091 | D:9      | Found a broken altar of Ashenzari.
  6140 | D:9      | Found a staircase to the Lair.
  6377 | D:9      | Received a gift from Trog
  6386 | D:9      | Reached XP level 11. HP: 96/101 MP: 10/10
  6636 | D:10     | Entered Level 10 of the Dungeon
  6640 | D:10     | Reached skill level 5 in Fighting
  6660 | D:10     | Found a blossoming altar of Fedhas.
  6663 | D:10     | Noticed a centaur warrior
  6728 | D:10     | Killed a centaur warrior
  7330 | D:11     | Found a portal to a secret trove of treasure.
  7769 | D:11     | Found a runed translucent door.
  7769 | D:11     | Noticed a boulder beetle
  7769 | D:11     | Noticed a deep troll earth mage
  7769 | D:11     | Noticed a skeletal warrior
  7772 | D:11     | Noticed an eight-headed hydra
  7790 | D:11     | Noticed an ogre mage
  7797 | D:11     | Noticed a deep elf pyromancer
  8022 | D:12     | Found a flagged portal.
  8058 | Bailey   | Entered a bailey
  8123 | Bailey   | Noticed an orc knight
  8386 | Bailey   | Killed an orc knight
  8387 | Bailey   | Reached skill level 1 in Armour
  8387 | Bailey   | Reached skill level 1 in Evocations
  8501 | D:12     | Noticed a two-headed ogre
  8505 | D:12     | Killed a two-headed ogre
  8510 | D:12     | Reached XP level 12. HP: 93/118 MP: 11/11
  8576 | D:12     | Noticed a two-headed ogre
  8583 | D:12     | Killed a two-headed ogre
  8762 | D:12     | Identified the +1 ring mail "Opsutzo" {Rampage Drain Regen+
                  | Stlth-}
  8763 | D:12     | Found Rier's Magic Scroll Shoppe.
  8787 | D:12     | Found a staircase to the Orcish Mines.
  8901 | D:12     | Found an opulent altar of Gozag.
  8906 | D:12     | Found a glowing silver altar of Zin.
  8906 | D:12     | Found a shimmering altar of Xom.
  8920 | D:12     | Found a bloodstained altar of Trog.
  8920 | D:12     | Found a shadowy altar of Dithmenos.
  8920 | D:12     | Found a shimmering altar of Xom.
  9747 | D:13     | Noticed a three-headed hydra
  9759 | D:13     | Killed a one-headed hydra
  9760 | D:13     | Reached skill level 5 in Armour
  9764 | D:13     | Identified the +0 halberd "Bingo" {venom, rElec Will- SInv}
  9800 | D:13     | Noticed a tengu warrior
  9802 | D:13     | Noticed a two-headed ogre
  9836 | D:13     | Mangled by a two-headed ogre

Illustrated notes

Levels and vault maps discovered:
D:1:      nicolae_arrival_somewhat_less_tricky_arrival, layout_basic,
          shapermc_ecumenical_altar_mp_urbaneastern
D:2:      layout_basic, serial_shops, nicolae_shop_stone,
          kennysheep_decorative_pillar
D:3:      layout_basic, serial_corexii_hall, corexii_hall_statues_t,
          corexii_hall_statues_x, minmay_joined_circles
D:4:      layout_cave_pools, serial_park_tiny_pond, minmay_manual_monstrance
D:5:      layout_gridville, mainiacjoe_overflow_large_starburst
D:6:      layout_loops_ring, minmay_temple_entry_wispy
D:7:      layout_basic, nicolae_zen_rock_garden, nrook_pool_corridor, hex_tiny,
          guppyfry_early_elven_hall
D:8:      wad_woods_tower, layout_cave_pools, makhleb_altar_promises_db,
          grunt_gozag_statues, kennysheep_donut
D:9:      layout_rooms, evilmike_ruin_ashenzari, lair_entry_dummy,
          patterned_corridor
D:10:     layout_rooms, mainiacjoe_overflow_concentric_impassable,
          minmay_liquid_box
D:11:     layout_loops_ring, enter_trove_2, eino_tiny_chamber, minmay_st_funbox
D:12:     layout_basic, orc_0_dummy, enter_bailey_2, minmay_shop_grid_forest,
          doesnt_xom_only_xom
D:13:     layout_rooms, hangedman_ranch

Skill      XL: |  1  2  3  4  5  6  7  8  9 10 11 12 |
---------------+-------------------------------------+-----
Unarmed Combat | 4 5 7 8 9 10 11 | 11.4
Shields        | 8 10 | 10.4
Dodging        | 4 7 9 |  9.1
Fighting       | 4 7 |  7.1
Armour         | 2 5 |  5.1
Evocations     | 2 4 |  4.7

Action                   |  1- 3 |  4- 6 |  7- 9 | 10-12 || total
-------------------------+-------+-------+-------+-------++-------
Melee: Unarmed           |    95 |    94 |   244 |   470 ||   903
       Punch             |     1 |     4 |     3 |       ||     8
       Lajatang          |       |       |       |    17 ||    17
Invok: Trog's Hand       |       |       |     2 |     2 ||     4
       Berserk           |       |       |     1 |     1 ||     2
       Brothers in Arms  |       |       |     1 |       ||     1
Evoke: Wand              |       |       |       |     2 ||     2
 Stab: Sleeping          |       |     1 |       |     1 ||     2
Armor: Animal skin       |    40 |    22 |    49 |       ||   111
       Troll leather arm |       |       |    17 |    55 ||    72
       Acid dragon scale |       |       |       |    57 ||    57
Dodge: Dodged            |    54 |    41 |    69 |   218 ||   382
Block: Kite shield       |       |       |   133 |   305 ||   438
